 Dungeon Crawl Stone Soup version 0.20.1-1-g8b1a95d (webtiles) character file.

4400 Gargoyl the Protected (level 10, -4/86 HPs)
             Began as a Minotaur Abyssal Knight on Sept 16, 2017.
             Was an Elder of Lugonu.
             Slain by a two-headed ogre
             ... wielding a +0 dire flail
              (16 damage)
             ... on level 8 of the Dungeon on Sept 18, 2017.
             The game lasted 00:18:56 (10367 turns).

Gargoyl the Protected (Minotaur Abyssal Knight)    Turns: 10367, Time: 00:18:56

Health: -4/86      AC: 18    Str: 17 (18) XL:     10   Next: 13%
Magic:  12/12      EV:  7    Int:  9      God:    Lugonu [****..]
Gold:   354        SH:  0    Dex: 17      Spells: 9/9 levels left

rFire    . . .     SeeInvis .   b - +0 war axe
rCold    + . .     Gourm    .   (no shield)
rNeg     + . .     Faith    .   H - +0 plate armour
rPois    +         Spirit   .   (helmet restricted)
rElec    .         Reflect  .   F - +2 cloak
rCorr    .         Harm     .   (no gloves)
MR       +....                  (no boots)
Stlth    ..........             (no amulet)
Regen    0.3/turn               e - +5 ring of dexterity
MPRegen  0.2/turn               z - ring of positive energy (curse)

@: no status effects
A: retaliatory headbutt, hooves 1, horns 2, cold resistance 1, deterioration 1,
low mp 1, magic resistance 1, poison resistance, no potion heal 1
a: Depart the Abyss, Bend Space, Banish, Corrupt, Renounce Religion


You were on level 8 of the Dungeon.
You worshipped Lugonu.
Lugonu was greatly pleased with you.
You were near starving.

You visited 1 branch of the dungeon, and saw 8 of its levels.
You visited the Abyss 1 time.
You also visited: Sewer.

You collected 403 gold pieces.
You spent 49 gold pieces at shops.

Inventory:

Hand Weapons
 a - a +1 hand axe
 b - a +0 war axe (weapon)
Missiles
 p - 2 javelins (quivered)
Armour
 F - a +2 cloak (worn)
 H - a +0 plate armour (worn)
Jewellery
 e - a +5 ring of dexterity (left hand)
 f - an uncursed ring of see invisible {unknown}
 k - an uncursed ring of poison resistance
 z - a cursed ring of positive energy (right hand)
Wands
 d - a wand of digging (20/24)
 r - a wand of paralysis (11/24)
 y - a wand of paralysis (10/24)
 D - a wand of random effects (19/48)
Scrolls
 h - 2 scrolls of amnesia
 j - 2 scrolls of identify
 q - 2 scrolls of enchant armour
 s - 6 scrolls of teleportation
 u - 2 scrolls of blinking
 w - a scroll of remove curse
 x - 2 scrolls of fear
Potions
 i - a potion of ambrosia {unknown}
 l - 2 potions of curing
 m - 2 potions of brilliance
 A - 2 potions of flight
 B - a potion of cancellation {unknown}
 C - a potion of might {unknown}
 E - a potion of heal wounds
Books
 v - a book of Cantrips

   Spells                             Type                      Level
   a - Confusing Touch                Hexes                        1
   b - Animate Skeleton               Necromancy                   1
   c - Summon Small Mammal            Summoning                    1
   d - Apportation                    Translocation                1
Comestibles
 c - 5 bread rations
 g - 5 royal jellies
 n - 3 meat rations
 o - 7 fruits


   Skills:
 + Level 7.3 Fighting
 + Level 9.6 Axes
 + Level 0.6 Throwing
 * Level 11.0 Armour
 + Level 3.2 Dodging
 * Level 6.3 Invocations


You had 9 spell levels left.
You didn't know any spells.

Dungeon Overview and Level Annotations

Branches:
Dungeon (8/15)             Temple (0/1) D:4
   Lair: D:8-11

Altars:
Elyvilon
Makhleb

Shops:
D:4 [   D:6 [


Innate Abilities, Weirdness & Mutations

You reflexively headbutt those who attack you in melee.
You have a pair of horns on your head.
You have large cloven feet.
Your flesh is cold resistant. (rC+)
Your body sometimes deteriorates upon taking damage.
Your magical capacity is low. (-10% MP)
You are resistant to hostile enchantments. (MR+)
Your system is resistant to poisons. (rPois)
Potions are less effective at restoring your health.


Message History

* * * LOW HITPOINT WARNING * * *
You hit the two-headed ogre. You kick the two-headed ogre.
The two-headed ogre is moderately wounded.
Press: ? - help, Shift-Dir - straight line, f - two-headed ogre
Aim: a two-headed ogre, wielding a dire flail and a giant spiked club (moderately wounded, chance to defeat MR: 71%)
You fail to use your ability.
The two-headed ogre hits you but does no damage.
The two-headed ogre hits you with a giant spiked club.
* * * LOW HITPOINT WARNING * * *
Press: ? - help, Shift-Dir - straight line, f/p - two-headed ogre
Aim: a two-headed ogre, wielding a dire flail and a giant spiked club (moderately wounded, chance to defeat MR: 71%)
You fail to use your ability.
The two-headed ogre hits you with a dire flail!
* * * LOW HITPOINT WARNING * * *
The two-headed ogre hits you but does no damage.
Press: ? - help, Shift-Dir - straight line, f/p - two-headed ogre
Aim: a two-headed ogre, wielding a dire flail and a giant spiked club (moderately wounded, chance to defeat MR: 71%)
You fail to use your ability.
The two-headed ogre hits you with a dire flail!
You die...

#....#.........#
####....#.........#
..##....#.........####
..##....#............#
...'....'...........##
..##....#....###.##.##
..#######....###[##..##
.............[>)......##
##############..@......#######
#.#)O...........#
#.#)####...####.# #.#<# ##..#
#.# ..#######..# #.#
###...O.)..## #.# #.####....#
#.# #.# #.#..# #.#### #. #O#
#.#..# #.....


You could see a two-headed ogre.

Vanquished Creatures
  Pikel (D:5)
  A manticore (D:8)
  Sigmund (D:5)
  3 orc warriors
  3 ice beasts
  A sky beast (D:7)
  An ogre (D:6)
  A centaur (D:8)
  2 big kobolds
  2 crocodiles
  2 bullfrogs
  A gnoll sergeant (D:6)
  3 scorpions
  6 killer bees
  3 howler monkeys (D:8)
  A bullfrog zombie (D:5)
  5 crimson imps
  A hound (D:6)
  3 centaur skeletons
  3 orc priests
  A jelly (D:7)
  6 orc wizards
  Crazy Yiuf (D:7)
  4 iguanas
  3 worker ants
  A hound skeleton (D:6)
  2 worker ant zombies (D:5)
  Robin (D:3)
  6 adders
  7 gnolls
  2 shadow imps
  3 oozes
  2 worms
  5 leopard geckos
  33 orcs
  5 giant cockroaches
  18 goblins
  7 hobgoblins
  9 jackals
  3 quokkas
  5 bats
  4 frilled lizards
  A jackal skeleton (D:6)
  19 kobolds
  A quokka skeleton (D:4)
  2 rats
195 creatures vanquished.

Vanquished Creatures (others)
  A two-headed ogre (D:7)
  A hornet (D:5)
  4 slaves
  A bullfrog (D:8)
  A worker ant (D:5)
8 creatures vanquished.

Grand Total: 203 creatures vanquished

Notes
Turn   | Place    | Note
-------+----------+-------------------------------------------
     0 | Abyss:1  | Gargoyl the Minotaur Abyssal Knight began the quest for the Orb.
     0 | Abyss:1  | Reached XP level 1. HP: 19/19 MP: 1/1
    43 | Abyss:1  | Noticed an iron imp
    70 | Abyss:1  | Noticed a small abomination
    76 | Abyss:2  | Found a corrupted altar of Lugonu.
   111 | Abyss:2  | Noticed a starcursed mass
   112 | D:1      | Escaped the Abyss
   353 | D:1      | Reached * piety under Lugonu
   542 | D:1      | Reached XP level 2. HP: 27/27 MP: 2/2
  1309 | D:2      | Reached XP level 3. HP: 13/34 MP: 3/3
  1752 | D:2      | Reached skill level 3 in Armour
  2085 | D:3      | Noticed Robin
  2089 | D:3      | Reached ** piety under Lugonu
  2092 | D:3      | Reached XP level 4. HP: 27/41 MP: 4/4
  2098 | D:3      | Killed Robin
  2609 | D:3      | Reached skill level 5 in Fighting
  2673 | D:3      | Found a burning altar of Makhleb.
  2753 | D:3      | Reached XP level 5. HP: 36/48 MP: 4/6
  3238 | D:4      | Reached skill level 4 in Armour
  3402 | D:4      | Found Maenukk's Antique Armour Boutique.
  3423 | D:4      | Found a staircase to the Ecumenical Temple.
  3526 | D:4      | Reached XP level 6. HP: 50/56 MP: 7/7
  3737 | D:4      | Reached *** piety under Lugonu
  3737 | D:4      | Reached skill level 5 in Armour
  4026 | D:5      | Entered Level 5 of the Dungeon
  4049 | D:5      | Noticed Sigmund
  4091 | D:5      | Gained mutation: Potions are less effective at restoring your health. [potion of mutation]
  4091 | D:5      | Gained mutation: You are weak. (Str -2) [potion of mutation]
  4091 | D:5      | Gained mutation: You are dopey. (Int -2) [potion of mutation]
  4091 | D:5      | Gained mutation: Your system is resistant to poisons. (rPois) [potion of mutation]
  4092 | D:5      | Killed Sigmund
  4092 | D:5      | Reached XP level 7. HP: 7/61 MP: 8/8
  4254 | D:5      | Reached skill level 6 in Armour
  4259 | D:5      | HP: 3/61 [ice beast (11)]
  4263 | D:5      | Reached skill level 5 in Axes
  4728 | D:5      | Found a glowing drain.
  4733 | Sewer    | Entered a sewer
  4766 | Sewer    | Lost mutation: You are weak. (Str -2) [potion of mutation]
  4766 | Sewer    | Lost mutation: You are dopey. (Int -2) [potion of mutation]
  4766 | Sewer    | Lost mutation: Your system is resistant to poisons. (rPois) [potion of mutation]
  4766 | Sewer    | Gained mutation: You are resistant to hostile enchantments. (MR+) [potion of mutation]
  4766 | Sewer    | Gained mutation: Your system is resistant to poisons. (rPois) [potion of mutation]
  4767 | Sewer    | Gained mutation: Your magical capacity is low. (-10% MP) [potion of mutation]
  4767 | Sewer    | Gained mutation: You have large cloven feet. [potion of mutation]
  4767 | Sewer    | Gained mutation: Your body sometimes deteriorates upon taking damage. [potion of mutation]
  4767 | Sewer    | Gained mutation: Your flesh is cold resistant. (rC+) [potion of mutation]
  5232 | D:5      | Noticed Pikel
  5256 | D:5      | Killed Pikel
  5256 | D:5      | Reached skill level 7 in Armour
  5256 | D:5      | Reached XP level 8. HP: 40/70 MP: 7/9
  5760 | D:6      | Reached skill level 8 in Armour
  5928 | D:5      | Noticed a hornet
  5938 | D:5      | Banished a hornet
  6655 | D:5      | Reached skill level 9 in Armour
  6655 | D:5      | Reached skill level 5 in Invocations
  6960 | D:5      | Reached XP level 9. HP: 30/75 MP: 10/10
  7352 | D:6      | Found a white marble altar of Elyvilon.
  7415 | D:6      | Reached **** piety under Lugonu
  7763 | D:6      | Found Oculaudgh's Armour Shop.
  7777 | D:6      | Bought a +0 cloak for 49 gold pieces
  8992 | D:7      | Found a runed door.
  8996 | D:7      | Noticed Crazy Yiuf
  8998 | D:7      | Killed Crazy Yiuf
  8998 | D:7      | Reached skill level 10 in Armour
  9736 | D:8      | Noticed a manticore
  9751 | D:8      | Killed a manticore
 10002 | D:8      | Reached XP level 10. HP: 86/86 MP: 12/12
 10005 | D:8      | Noticed a two-headed ogre
 10005 | D:8      | Noticed a two-headed ogre
 10006 | D:8      | Noticed a gargoyle
 10044 | D:7      | Banished a two-headed ogre
 10044 | D:7      | Reached skill level 11 in Armour
 10367 | D:8      | Slain by a two-headed ogre

Skill      XL: |  1  2  3  4  5  6  7  8  9 10 |
---------------+-------------------------------+-----
Fighting       | 4 5 6 7 |  7.3
Invocations    | 2 3 4 5 6 |  6.3
Armour         | 3 4 5 7 9 10 11 | 11.0
Axes           | 3 4 6 7 9 |  9.6
Dodging        | 2 3 |  3.2
Throwing       | |  0.6

Action                   |  1- 3 |  4- 6 |  7- 9 | 10-12 || total
-------------------------+-------+-------+-------+-------++-------
Melee: Hand axe          |    69 |   128 |   180 |       ||   377
       Headbutt          |    16 |    31 |    68 |     5 ||   120
       Kick              |       |       |    99 |     6 ||   105
       War axe           |       |       |   158 |    14 ||   172
Throw: Javelin           |       |     4 |     2 |     1 ||     7
Invok: Depart the Abyss  |     1 |       |       |       ||     1
       Banish            |       |       |     1 |     1 ||     2
  Use: Scroll            |     4 |     3 |     7 |       ||    14
       Potion            |       |     6 |     4 |       ||    10
 Stab: Invisible         |       |       |     6 |       ||     6
  Eat: Chunk             |     4 |     6 |    19 |       ||    29
Armor: Leather armour    |    10 |       |       |       ||    10
       Ring mail         |    20 |     6 |       |       ||    26
       Scale mail        |       |    24 |       |       ||    24
       Chain mail        |       |    50 |   167 |       ||   217
       Plate armour      |       |       |    75 |     8 ||    83
Dodge: Dodged            |    52 |    50 |   178 |     4 ||   284
